Detroit Red Wings vs Toronto Maple Leafs
Created - Monday, September 11, 2023 at 07:26
Goals
|
| Detroit Red Wings |
0 |
1 |
2 |
3 |
| Toronto Maple Leafs |
2 |
1 |
1 |
4 |
|
Shots
|
| Detroit Red Wings |
15 |
8 |
14 |
37 |
| Toronto Maple Leafs |
15 |
8 |
12 |
35 |
|
1st period
1. Toronto Maple Leafs , Brady Tkachuk 5 (Sam Bennett 7) at 3:59
2. Toronto Maple Leafs , Brandon Saad 4 (Sam Bennett 8, Dougie Hamilton 7) at 10:30
Penalties :
Brady Tkachuk (TOR) for Boarding (Minor) at 18:46
2nd period
3. Detroit Red Wings , Arthur Kaliyev 4 (Daniel Sprong 5, Josh Bailey 3) at 5:38
4. Toronto Maple Leafs , Nick Bjugstad 1 (Luke Schenn 1, Aaron Ekblad 8) at 19:04
Penalties :
Sean Couturier (DET) for Tripping (Minor) at 1:19, Kyle Okposo (TOR) for Hooking (Minor) at 9:24, Cody Ceci (TOR) for Tripping (Minor) at 16:18, Brady Tkachuk (TOR) for Holding (Minor) at 19:49
3rd period
5. Detroit Red Wings , Matthew Boldy 4 (Steven Stamkos 12, MacKenzie Weegar 4) at 0:40 (PP)
6. Detroit Red Wings , Daniel Sprong 5 (Shayne Gostisbehere 4, Zach Bogosian 5) at 12:09
7. Toronto Maple Leafs , Troy Terry 4 (Dougie Hamilton 8) at 12:44
Penalties :
MacKenzie Weegar (DET) for Hooking (Minor) at 7:50, Aaron Ekblad (TOR) for Hooking (Minor) at 16:03, Sean Couturier (DET) for Hooking (Minor) at 19:18
Goalie Stats
Sergei Bobrovsky (DET), 31 saves from 35 shots - (0.886), L, 1-4-0, 60:00 minutes
Frederik Andersen (TOR), 34 saves from 37 shots - (0.919), W, 5-4-1, 60:00 minutes
Players Stats for Detroit Red Wings
Player Name G A P +/- PIM S H SB GA TA FO MP PP MP PK MP
------------------------------------------------------------------------------------
Arthur Kaliyev 1 0 1 2 0 3 0 0 1 0 0/0 10:27 0:09 0:00
Brock Nelson 0 0 0 -3 0 4 3 0 0 0 0/1 17:56 0:00 2:21
Carter Verhaeghe 0 0 0 -1 0 0 2 0 1 0 0/1 17:19 5:09 0:00
Daniel Sprong 1 1 2 2 0 4 2 0 1 0 0/1 14:32 3:29 0:33
Jared McCann 0 0 0 -3 0 5 0 0 0 0 0/2 21:28 3:29 2:13
Jason Zucker 0 0 0 0 0 1 0 0 0 0 0/1 8:09 0:00 0:00
Jonathan Huberdeau 0 0 0 0 0 4 0 0 0 0 0/0 8:09 0:00 0:00
Josh Bailey 0 1 1 2 0 0 0 0 0 0 4/5 11:07 0:49 0:00
Kevin Shattenkirk 0 0 0 -1 0 3 0 1 0 0 0/0 26:35 3:44 2:45
MacKenzie Weegar 0 1 1 -1 2 0 1 1 0 0 0/0 25:19 3:44 1:30
Matthew Boldy 1 0 1 -1 0 3 3 0 1 1 0/1 17:19 5:09 0:00
Michael Del Zotto 0 0 0 -1 0 1 0 0 0 1 0/0 18:09 5:03 0:35
Mika Zibanejad 0 0 0 -1 0 2 4 0 0 1 15/22 17:16 3:20 2:33
Philippe Myers 0 0 0 -1 0 0 1 2 0 1 0/0 13:10 0:00 1:54
Sean Couturier 0 0 0 0 4 1 0 1 0 0 3/4 9:28 0:00 1:05
Shayne Gostisbehere 0 1 1 0 0 1 0 2 1 0 0/0 21:53 5:03 1:48
Steven Stamkos 0 1 1 -3 0 3 0 1 0 0 14/26 21:59 4:47 0:33
Zach Bogosian 0 1 1 0 0 2 1 0 0 1 0/0 15:03 0:00 0:46
Players Stats for Toronto Maple Leafs
Player Name G A P +/- PIM S H SB GA TA FO MP PP MP PK MP
------------------------------------------------------------------------------------
Aaron Ekblad 0 1 1 0 2 3 1 2 0 0 0/0 25:44 2:31 4:41
Andrew Mangiapane 0 0 0 -1 0 2 0 0 0 1 0/0 10:25 0:00 0:00
Brady Tkachuk 1 0 1 2 4 5 3 1 2 0 1/2 20:25 2:29 1:16
Brandon Saad 1 0 1 2 0 5 2 2 0 0 0/1 17:41 2:10 0:00
Cody Ceci 0 0 0 0 2 0 1 4 0 1 0/0 25:18 2:08 4:47
Dougie Hamilton 0 2 2 2 0 3 2 1 0 1 0/0 22:09 2:31 2:09
Kyle Okposo 0 0 0 -1 2 0 2 2 0 1 1/2 12:22 0:00 1:47
Luke Schenn 0 1 1 1 0 0 1 1 0 0 0/0 15:28 0:00 3:06
Mario Ferraro 0 0 0 0 0 1 0 0 0 0 0/0 14:37 0:00 2:51
Nick Bjugstad 1 0 1 0 0 1 2 0 0 0 5/15 12:44 0:00 5:18
Nicolas Roy 0 0 0 0 0 1 1 1 1 0 2/5 16:41 0:00 5:18
Nino Niederreiter 0 0 0 -1 0 1 1 0 1 0 0/0 9:01 0:00 1:27
Ryan Pulock 0 0 0 2 0 1 1 2 0 0 0/0 18:34 2:08 0:00
Sam Bennett 0 2 2 2 0 6 2 1 0 0 11/23 17:55 2:29 0:00
Scott Laughton 0 0 0 1 0 0 1 0 0 1 8/14 17:00 2:10 2:28
Trevor Zegras 0 0 0 1 0 3 0 0 1 0 0/1 14:11 2:10 0:00
Troy Terry 1 0 1 1 0 2 2 0 0 0 0/1 14:25 2:29 0:00
Warren Foegele 0 0 0 -1 0 1 0 0 0 0 0/0 6:28 0:00 0:00
3 Stars
1 - Daniel Sprong (DET)
2 - Brandon Saad (TOR)
3 - Dougie Hamilton (TOR)
Power Play
Detroit Red Wings - 1 on 5 Attempt(s) - 20.00%
Toronto Maple Leafs - 0 on 3 Attempt(s) - 0.00%
Penalty Kill
Detroit Red Wings - 3 on 3 Attempt(s) - 100.00%
- Score 0 goal in Penalty Kill
Toronto Maple Leafs - 4 on 5 Attempt(s) - 80.00%
- Score 0 goal in Penalty Kill
Team Stat
Detroit Red Wings - Hits : 17 - Faceoff Wins : 36 - Blocked Shots : 8 - Penalty Minutes : 6
Toronto Maple Leafs - Hits : 22 - Faceoff Wins : 28 - Blocked Shots : 17 - Penalty Minutes : 10
Official
Referees : Greg Kimmerly and Kelly Sutherland
Linesman : Mike Cvik and John Grandt
Game Notes
No Game Note
Finance
Level 1 -- Attendance: 5962 (99.37%) -- Ticket Income $560,428
Level 2 -- Attendance: 4989 (99.78%) -- Ticket Income $269,406
Level 3 -- Attendance: 2846 (94.87%) -- Ticket Income $93,918
Level 4 -- Attendance: 4687 (93.74%) -- Ticket Income $98,427
Luxury Box -- Attendance: 877 (87.70%) -- Ticket Income $169,261
Game was played at the Air Canada Centre.
Total Attendance: 19361 (96.81%)
Total Ticket Income: $1,191,440
Other Income: $417,004
Total Income: $1,608,444
Detroit Red Wings
5 vs 5 Forward
Center Left Wing Right Wing Time % Phy DF OF
1 Steven Stamkos Brock Nelson Jared McCann 40 1 2 2
2 Mika Zibanejad Carter Verhaeghe Matthew Boldy 30 1 2 2
3 Josh Bailey Daniel Sprong Arthur Kaliyev 20 1 2 2
4 Sean Couturier Jonathan Huberdeau Jason Zucker 10 1 2 2
5 vs 5 Defense
Defense Defense Time % Phy DF OF
1 Kevin Shattenkirk MacKenzie Weegar 40 1 2 2
2 Zach Bogosian Shayne Gostisbehere 30 1 2 2
3 Philippe Myers Michael Del Zotto 20 1 2 2
4 Kevin Shattenkirk MacKenzie Weegar 10 1 2 2
PowerPlay Forward
Center Left Wing Right Wing Time % Phy DF OF
1 Mika Zibanejad Daniel Sprong Jared McCann 50 1 2 2
2 Steven Stamkos Carter Verhaeghe Matthew Boldy 50 1 2 2
PowerPlay Defense
Defense Defense Time % Phy DF OF
1 Kevin Shattenkirk MacKenzie Weegar 50 1 2 2
2 Shayne Gostisbehere Michael Del Zotto 50 1 2 2
Penalty Kill 4 Players Forward
Center Wing Time % Phy DF OF
1 Mika Zibanejad Jared McCann 50 1 2 2
2 Sean Couturier Brock Nelson 50 1 2 2
Penalty Kill 4 Players Defense
Defense Defense Time % Phy DF OF
1 Kevin Shattenkirk MacKenzie Weegar 50 1 2 2
2 Philippe Myers Shayne Gostisbehere 50 1 2 2
Penalty Kill - 3 Players Forward
Forward Time % Phy DF OF
1 Mika Zibanejad 50 1 2 2
2 Brock Nelson 50 1 2 2
Penalty Kill - 3 Players Defense
Defense Defense Time % Phy DF OF
1 Kevin Shattenkirk MacKenzie Weegar 50 1 2 2
2 Philippe Myers Shayne Gostisbehere 50 1 2 2
4 vs 4 Forward
Center Wing Time % Phy DF OF
1 Mika Zibanejad Carter Verhaeghe 60 1 2 2
2 Steven Stamkos Matthew Boldy 40 1 2 2
4 vs 4 Defense
Defense Defense Time % Phy DF OF
1 Kevin Shattenkirk MacKenzie Weegar 60 1 2 2
2 Shayne Gostisbehere Michael Del Zotto 40 1 2 2
Last Minutes Offensive
Center Left Wing Right Wing Defense Defense
Steven Stamkos Mika Zibanejad Matthew Boldy Kevin Shattenkirk MacKenzie Weegar
Last Minutes Defensive
Center Left Wing Right Wing Defense Defense
Sean Couturier Mika Zibanejad Jared McCann Kevin Shattenkirk MacKenzie Weegar
Goaltenders
Starting : Sergei Bobrovsky
Backup : Semyon Varlamov
Extra Forwards
Normal : Sean Couturier, Daniel Sprong, Arthur Kaliyev - PP : Josh Bailey, Arthur Kaliyev - PK : Sean Couturier
Extra Defensemen
Normal : Philippe Myers, Michael Del Zotto, Kevin Shattenkirk - PP : Michael Del Zotto - PK : Philippe Myers, Michael Del Zotto
Penalty Shots
Mika Zibanejad, Steven Stamkos, Matthew Boldy, Carter Verhaeghe, Jared McCann
Toronto Maple Leafs
5 vs 5 Forward
Center Left Wing Right Wing Time % Phy DF OF
1 Sam Bennett Brady Tkachuk Brandon Saad 40 1 2 2
2 Scott Laughton Trevor Zegras Troy Terry 30 1 2 2
3 Nicolas Roy Andrew Mangiapane Kyle Okposo 20 1 2 2
4 Nick Bjugstad Warren Foegele Nino Niederreiter 10 1 2 2
5 vs 5 Defense
Defense Defense Time % Phy DF OF
1 Aaron Ekblad Cody Ceci 40 1 2 2
2 Dougie Hamilton Ryan Pulock 30 1 2 2
3 Mario Ferraro Luke Schenn 20 1 2 2
4 Dougie Hamilton Ryan Pulock 10 1 2 2
PowerPlay Forward
Center Left Wing Right Wing Time % Phy DF OF
1 Sam Bennett Brady Tkachuk Troy Terry 60 1 2 2
2 Scott Laughton Trevor Zegras Brandon Saad 40 1 2 2
PowerPlay Defense
Defense Defense Time % Phy DF OF
1 Aaron Ekblad Dougie Hamilton 60 1 2 2
2 Cody Ceci Ryan Pulock 40 1 2 2
Penalty Kill 4 Players Forward
Center Wing Time % Phy DF OF
1 Nick Bjugstad Nicolas Roy 60 1 2 2
2 Scott Laughton Kyle Okposo 40 1 2 2
Penalty Kill 4 Players Defense
Defense Defense Time % Phy DF OF
1 Aaron Ekblad Cody Ceci 60 1 2 2
2 Mario Ferraro Luke Schenn 40 1 2 2
Penalty Kill - 3 Players Forward
Forward Time % Phy DF OF
1 Nick Bjugstad 60 1 2 2
2 Scott Laughton 40 1 2 2
Penalty Kill - 3 Players Defense
Defense Defense Time % Phy DF OF
1 Aaron Ekblad Cody Ceci 60 1 2 2
2 Mario Ferraro Luke Schenn 40 1 2 2
4 vs 4 Forward
Center Wing Time % Phy DF OF
1 Scott Laughton Troy Terry 60 1 2 2
2 Nicolas Roy Trevor Zegras 40 1 2 2
4 vs 4 Defense
Defense Defense Time % Phy DF OF
1 Dougie Hamilton Ryan Pulock 60 1 2 2
2 Aaron Ekblad Cody Ceci 40 1 2 2
Last Minutes Offensive
Center Left Wing Right Wing Defense Defense
Sam Bennett Brady Tkachuk Troy Terry Aaron Ekblad Dougie Hamilton
Last Minutes Defensive
Center Left Wing Right Wing Defense Defense
Nick Bjugstad Scott Laughton Nicolas Roy Aaron Ekblad Cody Ceci
Goaltenders
Starting : Frederik Andersen
Backup : Cam Talbot
Extra Forwards
Normal : Andrew Mangiapane, Nicolas Roy, Nino Niederreiter - PP : Andrew Mangiapane, Nicolas Roy - PK : Nino Niederreiter
Extra Defensemen
Normal : Mario Ferraro, Luke Schenn, Dougie Hamilton - PP : Mario Ferraro - PK : Luke Schenn, Dougie Hamilton
Penalty Shots
Trevor Zegras, Dougie Hamilton, Kyle Okposo, Nick Bjugstad, Nicolas Roy
% Time on Ice - Detroit Red Wings
Lines # - Real PCT - Wanted PCT - Time Play
Normal Forward
1 - 34% - 40% - 15:41
2 - 26% - 30% - 12:15
3 - 22% - 20% - 10:18
4 - 18% - 10% - 8:09
Normal Defense
1 - 40% - 40% - 18:25
2 - 33% - 30% - 15:17
3 - 24% - 20% - 11:11
4 - 3% - 10% - 1:30
PP Forward
1 - 40% - 50% - 3:29
2 - 60% - 50% - 5:18
PP Defense
1 - 43% - 50% - 3:44
2 - 57% - 50% - 5:03
PK Forward
1 - 38% - 50% - 1:45
2 - 62% - 50% - 2:54
PK Defense
1 - 59% - 50% - 2:45
2 - 41% - 50% - 1:54
PK3 Forward
1 - 0% - 50%
2 - 0% - 50%
PK3 Defense
1 - 0% - 50%
2 - 0% - 50%
44 Forward
1 - 0% - 60%
2 - 0% - 40%
44 Defense
1 - 0% - 60%
2 - 0% - 40%
Last Minute Offensive - 0:11
Last Minute Defensive - 0:00
Total
Forward - 60:00
Defense - 60:00
|
% Time on Ice - Toronto Maple Leafs
Lines # - Real PCT - Wanted PCT - Time Play
Normal Forward
1 - 37% - 40% - 17:19
2 - 26% - 30% - 12:11
3 - 22% - 20% - 10:25
4 - 14% - 10% - 6:28
Normal Defense
1 - 40% - 40% - 18:22
2 - 29% - 30% - 13:20
3 - 25% - 20% - 11:24
4 - 7% - 10% - 3:17
PP Forward
1 - 53% - 60% - 2:29
2 - 47% - 40% - 2:10
PP Defense
1 - 54% - 60% - 2:31
2 - 46% - 40% - 2:08
PK Forward
1 - 72% - 60% - 6:19
2 - 28% - 40% - 2:28
PK Defense
1 - 77% - 60% - 6:46
2 - 23% - 40% - 2:01
PK3 Forward
1 - 0% - 60%
2 - 0% - 40%
PK3 Defense
1 - 0% - 60%
2 - 0% - 40%
44 Forward
1 - 0% - 60%
2 - 0% - 40%
44 Defense
1 - 0% - 60%
2 - 0% - 40%
Last Minute Offensive - 0:00
Last Minute Defensive - 0:11
Total
Forward - 60:00
Defense - 60:00
|
Play-by-Play
1st period
0:01 of 1st period - Sam Bennett wins face-off versus Steven Stamkos in neutral zone.
0:12 of 1st period - Jared McCann is hit by Brady Tkachuk.
0:26 of 1st period - Cody Ceci is hit by MacKenzie Weegar and loses puck.
1:35 of 1st period - Wrist shot by Brady Tkachuk.
1:35 of 1st period - Stopped by Sergei Bobrovsky without a rebound.
1:36 of 1st period - Mika Zibanejad wins face-off versus Scott Laughton in Detroit Red Wings zone.
1:47 of 1st period - Snap shot by Matthew Boldy.
1:47 of 1st period - Stopped by Frederik Andersen without a rebound.
1:48 of 1st period - Steven Stamkos wins face-off versus Sam Bennett in Toronto Maple Leafs zone.
2:14 of 1st period - Aaron Ekblad is hit by Matthew Boldy and loses puck.
2:56 of 1st period - Slapshot by Dougie Hamilton.
2:56 of 1st period - Shot Blocked by Philippe Myers.
3:12 of 1st period - Philippe Myers is hit by Nick Bjugstad and loses puck.
3:45 of 1st period - Snap shot by Jonathan Huberdeau.
3:45 of 1st period - Stopped by Frederik Andersen with a rebound.
3:47 of 1st period - Snap shot by Sean Couturier.
3:47 of 1st period - Shot Misses the Net.
3:49 of 1st period - Snap shot by Jonathan Huberdeau.
3:49 of 1st period - Stopped by Frederik Andersen without a rebound.
3:50 of 1st period - Sam Bennett wins face-off versus Steven Stamkos in Toronto Maple Leafs zone.
3:59 of 1st period - Snap shot by Brady Tkachuk.
3:59 of 1st period - Goal by Brady Tkachuk - Detroit Red Wings : 0 - Toronto Maple Leafs : 1.
4:00 of 1st period - Sam Bennett wins face-off versus Jared McCann in neutral zone.
4:27 of 1st period - Steven Stamkos is hit by Kyle Okposo and loses puck.
4:40 of 1st period - Snap shot by Steven Stamkos.
4:40 of 1st period - Shot Blocked by Aaron Ekblad.
4:46 of 1st period - Slapshot by Jared McCann.
4:46 of 1st period - Stopped by Frederik Andersen with a rebound.
4:48 of 1st period - Slapshot by Zach Bogosian.
4:48 of 1st period - Shot Blocked by Nicolas Roy.
5:23 of 1st period - Wrist shot by Steven Stamkos.
5:23 of 1st period - Shot Misses the Net.
5:25 of 1st period - Snap shot by Jared McCann.
5:25 of 1st period - Shot Blocked by Ryan Pulock.
5:27 of 1st period - Snap shot by Jared McCann.
5:27 of 1st period - Shot Misses the Net.
5:29 of 1st period - Slapshot by Zach Bogosian.
5:29 of 1st period - Deflect By Dougie Hamilton.
5:29 of 1st period - Stopped by Frederik Andersen without a rebound.
5:30 of 1st period - Sam Bennett wins face-off versus Mika Zibanejad in Toronto Maple Leafs zone.
5:37 of 1st period - Icing by Matthew Boldy.
5:38 of 1st period - Mika Zibanejad wins face-off versus Sam Bennett in Detroit Red Wings zone.
6:29 of 1st period - MacKenzie Weegar is hit by Brady Tkachuk.
7:03 of 1st period - Snap shot by Sam Bennett.
7:03 of 1st period - Stopped by Sergei Bobrovsky without a rebound.
7:04 of 1st period - Scott Laughton wins face-off versus Josh Bailey in Detroit Red Wings zone.
7:31 of 1st period - Aaron Ekblad is hit by Brock Nelson.
7:58 of 1st period - Wrist shot by Nino Niederreiter.
7:58 of 1st period - Deflect By Warren Foegele.
7:58 of 1st period - Shot Blocked by Shayne Gostisbehere.
7:58 of 1st period - Puck is out of play.
7:59 of 1st period - Josh Bailey wins face-off versus Scott Laughton in Detroit Red Wings zone.
8:29 of 1st period - Philippe Myers is hit by Dougie Hamilton and loses puck.
8:50 of 1st period - Snap shot by Jason Zucker.
8:50 of 1st period - Deflect By Ryan Pulock.
8:50 of 1st period - Shot Misses the Net.
8:50 of 1st period - Puck is out of play.
8:51 of 1st period - Scott Laughton wins face-off versus Jason Zucker in Toronto Maple Leafs zone.
9:06 of 1st period - Slapshot by Troy Terry.
9:06 of 1st period - Shot Blocked by MacKenzie Weegar.
9:16 of 1st period - Wrist shot by Jason Zucker.
9:16 of 1st period - Shot Misses the Net.
9:18 of 1st period - Slapshot by Zach Bogosian.
9:18 of 1st period - Stopped by Frederik Andersen without a rebound.
9:19 of 1st period - Josh Bailey wins face-off versus Sam Bennett in Toronto Maple Leafs zone.
9:20 of 1st period - Wrist shot by Daniel Sprong.
9:20 of 1st period - Shot Misses the Net.
9:37 of 1st period - Wrist shot by Sam Bennett.
9:37 of 1st period - Shot Misses the Net.
9:39 of 1st period - Snap shot by Brandon Saad.
9:39 of 1st period - Stopped by Sergei Bobrovsky with a rebound.
9:41 of 1st period - Wrist shot by Brandon Saad.
9:41 of 1st period - Shot Misses the Net.
9:47 of 1st period - Wrist shot by Brandon Saad.
9:47 of 1st period - Stopped by Sergei Bobrovsky with a rebound.
9:49 of 1st period - Snap shot by Aaron Ekblad.
9:49 of 1st period - Stopped by Sergei Bobrovsky without a rebound.
9:50 of 1st period - Steven Stamkos wins face-off versus Scott Laughton in Detroit Red Wings zone.
9:50 of 1st period - Steven Stamkos is hit by Troy Terry.
9:56 of 1st period - Slapshot by Brock Nelson.
9:56 of 1st period - Shot Misses the Net.
10:14 of 1st period - Icing by Brock Nelson.
10:15 of 1st period - Nicolas Roy wins face-off versus Steven Stamkos in Detroit Red Wings zone.
10:22 of 1st period - Snap shot by Brady Tkachuk.
10:22 of 1st period - Stopped by Sergei Bobrovsky with a rebound.
10:24 of 1st period - Wrist shot by Sam Bennett.
10:24 of 1st period - Stopped by Sergei Bobrovsky with a rebound.
10:26 of 1st period - Backhand shot by Dougie Hamilton.
10:26 of 1st period - Shot Hit the Post.
10:28 of 1st period - Snap shot by Sam Bennett.
10:28 of 1st period - Stopped by Sergei Bobrovsky with a rebound.
10:30 of 1st period - Snap shot by Brandon Saad.
10:30 of 1st period - Goal by Brandon Saad - Detroit Red Wings : 0 - Toronto Maple Leafs : 2.
10:31 of 1st period - Scott Laughton wins face-off versus Mika Zibanejad in neutral zone.
10:34 of 1st period - Snap shot by Trevor Zegras.
10:34 of 1st period - Stopped by Sergei Bobrovsky with a rebound.
10:38 of 1st period - Snap shot by Trevor Zegras.
10:38 of 1st period - Stopped by Sergei Bobrovsky without a rebound.
10:39 of 1st period - Scott Laughton wins face-off versus Mika Zibanejad in Detroit Red Wings zone.
10:46 of 1st period - Slapshot by Trevor Zegras.
10:46 of 1st period - Deflect By Troy Terry.
10:46 of 1st period - Stopped by Sergei Bobrovsky with a rebound.
10:48 of 1st period - Backhand shot by Aaron Ekblad.
10:48 of 1st period - Deflect By Scott Laughton.
10:48 of 1st period - Shot Misses the Net.
10:48 of 1st period - Puck is out of play.
10:49 of 1st period - Mika Zibanejad wins face-off versus Scott Laughton in Detroit Red Wings zone.
11:35 of 1st period - Off-side.
11:36 of 1st period - Steven Stamkos wins face-off versus Nicolas Roy in neutral zone.
11:39 of 1st period - Snap shot by Brock Nelson.
11:39 of 1st period - Stopped by Frederik Andersen without a rebound.
11:40 of 1st period - Nicolas Roy wins face-off versus Steven Stamkos in Toronto Maple Leafs zone.
11:49 of 1st period - Slapshot by Dougie Hamilton.
11:49 of 1st period - Stopped by Sergei Bobrovsky with a rebound.
11:51 of 1st period - Backhand shot by Kyle Okposo.
11:51 of 1st period - Deflect By Nicolas Roy.
11:51 of 1st period - Shot Misses the Net.
11:51 of 1st period - Puck is out of play.
11:52 of 1st period - Mika Zibanejad wins face-off versus Trevor Zegras in Detroit Red Wings zone.
12:45 of 1st period - Backhand shot by Arthur Kaliyev.
12:45 of 1st period - Stopped by Frederik Andersen with a rebound.
12:50 of 1st period - Off-side.
12:51 of 1st period - Mika Zibanejad wins face-off versus Scott Laughton in neutral zone.
12:54 of 1st period - Scott Laughton is hit by Matthew Boldy and loses puck.
13:23 of 1st period - Snap shot by Brock Nelson.
13:23 of 1st period - Shot Misses the Net.
13:43 of 1st period - Snap shot by Daniel Sprong.
13:43 of 1st period - Shot Misses the Net.
14:01 of 1st period - Snap shot by Jonathan Huberdeau.
14:01 of 1st period - Stopped by Frederik Andersen without a rebound.
14:02 of 1st period - Sean Couturier wins face-off versus Nick Bjugstad in Toronto Maple Leafs zone.
14:36 of 1st period - Slapshot by Steven Stamkos.
14:36 of 1st period - Stopped by Frederik Andersen with a rebound.
14:38 of 1st period - Slapshot by Steven Stamkos.
14:38 of 1st period - Stopped by Frederik Andersen with a rebound.
14:58 of 1st period - Wrist shot by Mika Zibanejad.
14:58 of 1st period - Shot Misses the Net.
15:10 of 1st period - Kyle Okposo is hit by Daniel Sprong and loses puck.
15:19 of 1st period - Mario Ferraro is hit by Daniel Sprong and loses puck.
15:34 of 1st period - Snap shot by Jonathan Huberdeau.
15:34 of 1st period - Stopped by Frederik Andersen with a rebound.
15:36 of 1st period - Slapshot by Michael Del Zotto.
15:36 of 1st period - Shot Blocked by Dougie Hamilton.
15:38 of 1st period - Wrist shot by Sean Couturier.
15:38 of 1st period - Stopped by Frederik Andersen without a rebound.
15:39 of 1st period - Sean Couturier wins face-off versus Sam Bennett in Toronto Maple Leafs zone.
17:31 of 1st period - Slapshot by Steven Stamkos.
17:31 of 1st period - Shot Misses the Net.
17:33 of 1st period - Wrist shot by Jared McCann.
17:33 of 1st period - Shot Misses the Net.
17:35 of 1st period - Wrist shot by Jared McCann.
17:35 of 1st period - Stopped by Frederik Andersen with a rebound.
17:37 of 1st period - Snap shot by Jared McCann.
17:37 of 1st period - Shot Misses the Net.
17:39 of 1st period - Wrist shot by Brock Nelson.
17:39 of 1st period - Shot Blocked by Cody Ceci.
18:35 of 1st period - MacKenzie Weegar is hit by Sam Bennett and loses puck.
18:46 of 1st period - Minor Penalty to Brady Tkachuk for Boarding.
18:47 of 1st period - Mika Zibanejad wins face-off versus Nick Bjugstad in Toronto Maple Leafs zone.
19:00 of 1st period - Slapshot by Mika Zibanejad.
19:00 of 1st period - Stopped by Frederik Andersen with a rebound.
19:43 of 1st period - Slapshot by Aaron Ekblad.
19:43 of 1st period - Stopped by Sergei Bobrovsky without a rebound.
19:44 of 1st period - Mika Zibanejad wins face-off versus Kyle Okposo in Detroit Red Wings zone.
Goals for this period are 0 for Detroit Red Wings vs 2 for Toronto Maple Leafs.
Shots for this period are 15 for Detroit Red Wings vs 15 for Toronto Maple Leafs.
2nd period
0:01 of 2nd period - Nick Bjugstad wins face-off versus Steven Stamkos in neutral zone.
0:46 of 2nd period - Penalty to Brady Tkachuk is over, Brady Tkachuk is back on ice.
0:55 of 2nd period - Off-side.
0:56 of 2nd period - Sam Bennett wins face-off versus Sean Couturier in neutral zone.
1:19 of 2nd period - Minor Penalty to Sean Couturier for Tripping.
1:20 of 2nd period - Mika Zibanejad wins face-off versus Sam Bennett in Detroit Red Wings zone.
3:19 of 2nd period - Penalty to Sean Couturier is over, Sean Couturier is back on ice.
3:57 of 2nd period - Josh Bailey is hit by Luke Schenn and loses puck.
4:11 of 2nd period - Snap shot by Daniel Sprong.
4:11 of 2nd period - Shot Misses the Net.
4:13 of 2nd period - Slapshot by Arthur Kaliyev.
4:13 of 2nd period - Stopped by Frederik Andersen without a rebound.
4:14 of 2nd period - Mika Zibanejad wins face-off versus Nicolas Roy in Toronto Maple Leafs zone.
4:27 of 2nd period - Wrist shot by Matthew Boldy.
4:27 of 2nd period - Shot Misses the Net.
4:48 of 2nd period - Snap shot by Andrew Mangiapane.
4:48 of 2nd period - Stopped by Sergei Bobrovsky with a rebound.
4:50 of 2nd period - Wrist shot by Brandon Saad.
4:50 of 2nd period - Shot Misses the Net.
4:52 of 2nd period - Wrist shot by Brandon Saad.
4:52 of 2nd period - Stopped by Sergei Bobrovsky with a rebound.
5:30 of 2nd period - Wrist shot by Daniel Sprong.
5:30 of 2nd period - Stopped by Frederik Andersen without a rebound.
5:31 of 2nd period - Josh Bailey wins face-off versus Nick Bjugstad in Toronto Maple Leafs zone.
5:38 of 2nd period - Wrist shot by Arthur Kaliyev.
5:38 of 2nd period - Goal by Arthur Kaliyev - Detroit Red Wings : 1 - Toronto Maple Leafs : 2.
5:39 of 2nd period - Steven Stamkos wins face-off versus Sam Bennett in neutral zone.
6:06 of 2nd period - Matthew Boldy is hit by Troy Terry and loses puck.
6:15 of 2nd period - Wrist shot by Trevor Zegras.
6:15 of 2nd period - Stopped by Sergei Bobrovsky without a rebound.
6:16 of 2nd period - Scott Laughton wins face-off versus Steven Stamkos in Detroit Red Wings zone.
6:25 of 2nd period - Slapshot by Trevor Zegras.
6:25 of 2nd period - Shot Misses the Net.
6:41 of 2nd period - Sam Bennett is hit by Mika Zibanejad and loses puck.
7:04 of 2nd period - Slapshot by Dougie Hamilton.
7:04 of 2nd period - Shot Blocked by Kevin Shattenkirk.
7:34 of 2nd period - Snap shot by Nino Niederreiter.
7:34 of 2nd period - Stopped by Sergei Bobrovsky with a rebound.
7:44 of 2nd period - MacKenzie Weegar is hit by Sam Bennett and loses puck.
8:25 of 2nd period - Wrist shot by Brock Nelson.
8:25 of 2nd period - Shot Misses the Net.
8:27 of 2nd period - Wrist shot by Jared McCann.
8:27 of 2nd period - Shot Hit the Post.
8:33 of 2nd period - Snap shot by Brock Nelson.
8:33 of 2nd period - Shot Blocked by Brandon Saad.
8:35 of 2nd period - Slapshot by MacKenzie Weegar.
8:35 of 2nd period - Shot Blocked by Sam Bennett.
8:37 of 2nd period - Slapshot by Kevin Shattenkirk.
8:37 of 2nd period - Shot Blocked by Aaron Ekblad.
8:39 of 2nd period - Snap shot by Brock Nelson.
8:39 of 2nd period - Shot Blocked by Brady Tkachuk.
8:41 of 2nd period - Snap shot by Jared McCann.
8:41 of 2nd period - Stopped by Frederik Andersen without a rebound.
8:42 of 2nd period - Scott Laughton wins face-off versus Carter Verhaeghe in Toronto Maple Leafs zone.
9:24 of 2nd period - Minor Penalty to Kyle Okposo for Hooking.
9:25 of 2nd period - Nick Bjugstad wins face-off versus Steven Stamkos in Toronto Maple Leafs zone.
9:37 of 2nd period - Icing by Carter Verhaeghe.
9:38 of 2nd period - Steven Stamkos wins face-off versus Nick Bjugstad in Detroit Red Wings zone.
9:38 of 2nd period - Steven Stamkos is hit by Nicolas Roy.
10:56 of 2nd period - Scott Laughton is hit by Carter Verhaeghe and loses puck.
11:17 of 2nd period - Shayne Gostisbehere is hit by Nino Niederreiter and loses puck.
11:24 of 2nd period - Penalty to Kyle Okposo is over, Kyle Okposo is back on ice.
11:55 of 2nd period - Daniel Sprong is hit by Dougie Hamilton.
12:20 of 2nd period - Shayne Gostisbehere is hit by Nick Bjugstad and loses puck.
13:31 of 2nd period - Steven Stamkos is hit by Brandon Saad.
14:24 of 2nd period - Trevor Zegras is hit by Philippe Myers.
14:36 of 2nd period - Jared McCann is hit by Brandon Saad and loses puck.
14:56 of 2nd period - Jonathan Huberdeau is hit by Kyle Okposo and loses puck.
15:19 of 2nd period - Nino Niederreiter is hit by Mika Zibanejad.
15:27 of 2nd period - Icing by Matthew Boldy.
15:28 of 2nd period - Mika Zibanejad wins face-off versus Troy Terry in Detroit Red Wings zone.
15:28 of 2nd period - Mika Zibanejad is hit by Ryan Pulock.
16:13 of 2nd period - Kyle Okposo is hit by Mika Zibanejad.
16:18 of 2nd period - Minor Penalty to Cody Ceci for Tripping.
16:19 of 2nd period - Mika Zibanejad wins face-off versus Nick Bjugstad in Toronto Maple Leafs zone.
16:19 of 2nd period - Wrist shot by Jared McCann.
16:19 of 2nd period - Stopped by Frederik Andersen with a rebound.
16:21 of 2nd period - Snap shot by Mika Zibanejad.
16:21 of 2nd period - Stopped by Frederik Andersen without a rebound.
16:22 of 2nd period - Mika Zibanejad wins face-off versus Nick Bjugstad in Toronto Maple Leafs zone.
16:31 of 2nd period - Snap shot by Jared McCann.
16:31 of 2nd period - Deflect By Daniel Sprong.
16:31 of 2nd period - Stopped by Frederik Andersen with a rebound.
16:33 of 2nd period - Wrist shot by Michael Del Zotto.
16:33 of 2nd period - Stopped by Frederik Andersen with a rebound.
17:24 of 2nd period - Matthew Boldy is hit by Brady Tkachuk.
17:32 of 2nd period - Nino Niederreiter is hit by Matthew Boldy and loses puck.
18:18 of 2nd period - Penalty to Cody Ceci is over, Cody Ceci is back on ice.
18:28 of 2nd period - Wrist shot by Jason Zucker.
18:28 of 2nd period - Shot Blocked by Cody Ceci.
18:34 of 2nd period - Slapshot by Jason Zucker.
18:34 of 2nd period - Shot Misses the Net.
18:58 of 2nd period - Wrist shot by Nicolas Roy.
18:58 of 2nd period - Shot Blocked by Philippe Myers.
19:00 of 2nd period - Slapshot by Aaron Ekblad.
19:00 of 2nd period - Stopped by Sergei Bobrovsky with a rebound.
19:02 of 2nd period - Snap shot by Luke Schenn.
19:02 of 2nd period - Shot Misses the Net.
19:04 of 2nd period - Snap shot by Nick Bjugstad.
19:04 of 2nd period - Goal by Nick Bjugstad - Detroit Red Wings : 1 - Toronto Maple Leafs : 3.
19:05 of 2nd period - Sam Bennett wins face-off versus Mika Zibanejad in neutral zone.
19:20 of 2nd period - Wrist shot by Brady Tkachuk.
19:20 of 2nd period - Stopped by Sergei Bobrovsky without a rebound.
19:21 of 2nd period - Scott Laughton wins face-off versus Steven Stamkos in Detroit Red Wings zone.
19:36 of 2nd period - Snap shot by Scott Laughton.
19:36 of 2nd period - Shot Misses the Net.
19:38 of 2nd period - Slapshot by Ryan Pulock.
19:38 of 2nd period - Stopped by Sergei Bobrovsky with a rebound.
19:49 of 2nd period - Minor Penalty to Brady Tkachuk for Holding.
19:50 of 2nd period - Nick Bjugstad wins face-off versus Mika Zibanejad in Toronto Maple Leafs zone.
Goals for this period are 1 for Detroit Red Wings vs 1 for Toronto Maple Leafs.
Shots for this period are 8 for Detroit Red Wings vs 8 for Toronto Maple Leafs.
3rd period
0:01 of 3rd period - Nick Bjugstad wins face-off versus Daniel Sprong in neutral zone.
0:06 of 3rd period - Wrist shot by Nicolas Roy.
0:06 of 3rd period - Stopped by Sergei Bobrovsky without a rebound.
0:07 of 3rd period - Mika Zibanejad wins face-off versus Nick Bjugstad in Detroit Red Wings zone.
0:40 of 3rd period - Snap shot by Matthew Boldy.
0:40 of 3rd period - Goal by Matthew Boldy - Detroit Red Wings : 2 - Toronto Maple Leafs : 3.
0:41 of 3rd period - Sam Bennett wins face-off versus Steven Stamkos in neutral zone.
0:46 of 3rd period - Wrist shot by Steven Stamkos.
0:46 of 3rd period - Shot Blocked by Brandon Saad.
0:48 of 3rd period - Slapshot by Kevin Shattenkirk.
0:48 of 3rd period - Stopped by Frederik Andersen without a rebound.
0:49 of 3rd period - Sam Bennett wins face-off versus Steven Stamkos in Toronto Maple Leafs zone.
1:07 of 3rd period - Icing by Brock Nelson.
1:08 of 3rd period - Steven Stamkos wins face-off versus Scott Laughton in Detroit Red Wings zone.
1:46 of 3rd period - Off-side.
1:47 of 3rd period - Scott Laughton wins face-off versus Mika Zibanejad in neutral zone.
2:18 of 3rd period - Wrist shot by Brady Tkachuk.
2:18 of 3rd period - Stopped by Sergei Bobrovsky with a rebound.
2:20 of 3rd period - Snap shot by Brandon Saad.
2:20 of 3rd period - Stopped by Sergei Bobrovsky with a rebound.
2:22 of 3rd period - Snap shot by Ryan Pulock.
2:22 of 3rd period - Shot Blocked by Shayne Gostisbehere.
2:24 of 3rd period - Wrist shot by Sam Bennett.
2:24 of 3rd period - Stopped by Sergei Bobrovsky with a rebound.
2:26 of 3rd period - Snap shot by Brady Tkachuk.
2:26 of 3rd period - Shot Misses the Net.
2:36 of 3rd period - Wrist shot by Andrew Mangiapane.
2:36 of 3rd period - Shot Misses the Net.
2:46 of 3rd period - Slapshot by Jason Zucker.
2:46 of 3rd period - Shot Misses the Net.
3:18 of 3rd period - Mika Zibanejad is hit by Aaron Ekblad and loses puck.
3:35 of 3rd period - Wrist shot by Daniel Sprong.
3:35 of 3rd period - Shot Blocked by Cody Ceci.
3:37 of 3rd period - Slapshot by Kevin Shattenkirk.
3:37 of 3rd period - Stopped by Frederik Andersen without a rebound.
3:38 of 3rd period - Steven Stamkos wins face-off versus Sam Bennett in Toronto Maple Leafs zone.
3:51 of 3rd period - Wrist shot by Brock Nelson.
3:51 of 3rd period - Stopped by Frederik Andersen without a rebound.
3:52 of 3rd period - Sam Bennett wins face-off versus Steven Stamkos in Toronto Maple Leafs zone.
3:52 of 3rd period - Sam Bennett is hit by Brock Nelson.
4:00 of 3rd period - Wrist shot by Steven Stamkos.
4:00 of 3rd period - Shot Misses the Net.
4:02 of 3rd period - Wrist shot by Brock Nelson.
4:02 of 3rd period - Stopped by Frederik Andersen without a rebound.
4:03 of 3rd period - Steven Stamkos wins face-off versus Brady Tkachuk in Toronto Maple Leafs zone.
4:04 of 3rd period - Snap shot by Brock Nelson.
4:04 of 3rd period - Shot Misses the Net.
5:26 of 3rd period - Snap shot by Josh Bailey.
5:26 of 3rd period - Shot Misses the Net.
5:36 of 3rd period - Snap shot by Sam Bennett.
5:36 of 3rd period - Stopped by Sergei Bobrovsky without a rebound.
5:37 of 3rd period - Steven Stamkos wins face-off versus Sam Bennett in Detroit Red Wings zone.
6:25 of 3rd period - Wrist shot by Mika Zibanejad.
6:25 of 3rd period - Shot Blocked by Kyle Okposo.
6:49 of 3rd period - Wrist shot by Warren Foegele.
6:49 of 3rd period - Stopped by Sergei Bobrovsky with a rebound.
6:51 of 3rd period - Slapshot by Mario Ferraro.
6:51 of 3rd period - Stopped by Sergei Bobrovsky with a rebound.
7:50 of 3rd period - Minor Penalty to MacKenzie Weegar for Hooking.
7:51 of 3rd period - Sam Bennett wins face-off versus Mika Zibanejad in Detroit Red Wings zone.
7:59 of 3rd period - Icing by Troy Terry.
8:00 of 3rd period - Sean Couturier wins face-off versus Sam Bennett in Toronto Maple Leafs zone.
8:01 of 3rd period - Wrist shot by Brock Nelson.
8:01 of 3rd period - Stopped by Frederik Andersen without a rebound.
8:02 of 3rd period - Brady Tkachuk wins face-off versus Brock Nelson in Toronto Maple Leafs zone.
8:09 of 3rd period - Slapshot by Sam Bennett.
8:09 of 3rd period - Stopped by Sergei Bobrovsky with a rebound.
8:11 of 3rd period - Slapshot by Aaron Ekblad.
8:11 of 3rd period - Shot Blocked by Sean Couturier.
8:29 of 3rd period - Aaron Ekblad is hit by Mika Zibanejad and loses puck.
8:40 of 3rd period - Wrist shot by Jared McCann.
8:40 of 3rd period - Stopped by Frederik Andersen with a rebound.
9:50 of 3rd period - Penalty to MacKenzie Weegar is over, MacKenzie Weegar is back on ice.
9:52 of 3rd period - Scott Laughton is hit by Zach Bogosian and loses puck.
10:05 of 3rd period - Slapshot by Daniel Sprong.
10:05 of 3rd period - Deflect By Arthur Kaliyev.
10:05 of 3rd period - Shot Blocked by Kyle Okposo.
10:05 of 3rd period - Puck is out of play.
10:06 of 3rd period - Josh Bailey wins face-off versus Nicolas Roy in Toronto Maple Leafs zone.
12:03 of 3rd period - Snap shot by Daniel Sprong.
12:03 of 3rd period - Stopped by Frederik Andersen with a rebound.
12:05 of 3rd period - Slapshot by Zach Bogosian.
12:05 of 3rd period - Shot Misses the Net.
12:07 of 3rd period - Slapshot by Shayne Gostisbehere.
12:07 of 3rd period - Stopped by Frederik Andersen with a rebound.
12:09 of 3rd period - Slapshot by Daniel Sprong.
12:09 of 3rd period - Goal by Daniel Sprong - Detroit Red Wings : 3 - Toronto Maple Leafs : 3.
12:10 of 3rd period - Steven Stamkos wins face-off versus Sam Bennett in neutral zone.
12:14 of 3rd period - Off-side.
12:15 of 3rd period - Steven Stamkos wins face-off versus Sam Bennett in neutral zone.
12:30 of 3rd period - Backhand shot by Brock Nelson.
12:30 of 3rd period - Shot Misses the Net.
12:32 of 3rd period - Snap shot by MacKenzie Weegar.
12:32 of 3rd period - Shot Blocked by Ryan Pulock.
12:44 of 3rd period - Backhand shot by Troy Terry.
12:44 of 3rd period - Goal by Troy Terry - Detroit Red Wings : 3 - Toronto Maple Leafs : 4.
12:45 of 3rd period - Steven Stamkos wins face-off versus Sam Bennett in neutral zone.
12:48 of 3rd period - Brandon Saad is hit by Brock Nelson and loses puck.
13:33 of 3rd period - Trevor Zegras is hit by Carter Verhaeghe and loses puck.
13:53 of 3rd period - Icing by Troy Terry.
13:54 of 3rd period - Steven Stamkos wins face-off versus Nick Bjugstad in Toronto Maple Leafs zone.
14:11 of 3rd period - Icing by Steven Stamkos.
14:12 of 3rd period - Sam Bennett wins face-off versus Jared McCann in Detroit Red Wings zone.
14:49 of 3rd period - Wrist shot by Matthew Boldy.
14:49 of 3rd period - Stopped by Frederik Andersen with a rebound.
14:51 of 3rd period - Slapshot by Kevin Shattenkirk.
14:51 of 3rd period - Stopped by Frederik Andersen with a rebound.
15:11 of 3rd period - Snap shot by Jason Zucker.
15:11 of 3rd period - Stopped by Frederik Andersen with a rebound.
15:31 of 3rd period - Slapshot by Shayne Gostisbehere.
15:31 of 3rd period - Shot Blocked by Luke Schenn.
15:41 of 3rd period - Snap shot by Steven Stamkos.
15:41 of 3rd period - Shot Misses the Net.
15:54 of 3rd period - Off-side.
15:55 of 3rd period - Kyle Okposo wins face-off versus Matthew Boldy in neutral zone.
15:58 of 3rd period - Snap shot by Andrew Mangiapane.
15:58 of 3rd period - Stopped by Sergei Bobrovsky with a rebound.
16:03 of 3rd period - Minor Penalty to Aaron Ekblad for Hooking.
16:04 of 3rd period - Nick Bjugstad wins face-off versus Steven Stamkos in Toronto Maple Leafs zone.
16:12 of 3rd period - Backhand shot by Dougie Hamilton.
16:12 of 3rd period - Stopped by Sergei Bobrovsky without a rebound.
16:13 of 3rd period - Steven Stamkos wins face-off versus Nick Bjugstad in Detroit Red Wings zone.
16:32 of 3rd period - Snap shot by Steven Stamkos.
16:32 of 3rd period - Stopped by Frederik Andersen with a rebound.
16:48 of 3rd period - Snap shot by Dougie Hamilton.
16:48 of 3rd period - Stopped by Sergei Bobrovsky with a rebound.
17:44 of 3rd period - Slapshot by Nino Niederreiter.
17:44 of 3rd period - Shot Blocked by Steven Stamkos.
18:03 of 3rd period - Penalty to Aaron Ekblad is over, Aaron Ekblad is back on ice.
18:14 of 3rd period - Snap shot by Matthew Boldy.
18:14 of 3rd period - Shot Misses the Net.
18:51 of 3rd period - Wrist shot by Matthew Boldy.
18:51 of 3rd period - Shot Blocked by Cody Ceci.
19:01 of 3rd period - Wrist shot by Nino Niederreiter.
19:01 of 3rd period - Shot Misses the Net.
19:03 of 3rd period - Snap shot by Brady Tkachuk.
19:03 of 3rd period - Shot Misses the Net.
19:05 of 3rd period - Snap shot by Aaron Ekblad.
19:05 of 3rd period - Shot Misses the Net.
19:07 of 3rd period - Slapshot by Aaron Ekblad.
19:07 of 3rd period - Deflect By Brady Tkachuk.
19:07 of 3rd period - Shot Misses the Net.
19:07 of 3rd period - Puck is out of play.
19:08 of 3rd period - David Quinn call a timeout for Detroit Red Wings.
19:08 of 3rd period - Mika Zibanejad wins face-off versus Nick Bjugstad in Detroit Red Wings zone.
19:18 of 3rd period - Minor Penalty to Sean Couturier for Hooking.
19:19 of 3rd period - Mika Zibanejad wins face-off versus Brandon Saad in Detroit Red Wings zone.
19:19 of 3rd period - Mika Zibanejad is hit by Scott Laughton.
19:52 of 3rd period - Mika Zibanejad is hit by Cody Ceci and loses puck.
Goals for this period are 2 for Detroit Red Wings vs 1 for Toronto Maple Leafs.
Shots for this period are 14 for Detroit Red Wings vs 12 for Toronto Maple Leafs.
Back to the Top